 Dungeon Crawl Stone Soup version 0.21.1-1-g345015fe64 (webtiles) character file.

2469 krisselack the Basher (level 9, -4/57 HPs)
             Began as a Gargoyle Fighter on Apr 10, 2018.
             Was a Follower of Makhleb.
             Splashed by an orc wizard's acid (11 damage)
             ... on level 7 of the Dungeon.
             The game lasted 00:12:16 (5354 turns).

krisselack the Basher (Gargoyle Fighter)            Turns: 5354, Time: 00:12:17

Health: -4/57      AC: 13    Str: 24    XL:     9   Next: 51%
Magic:  12/12      EV: 10    Int:  8    God:    Makhleb [*.....]
Gold:   177        SH:  6    Dex:  9    Spells: 8/8 levels left

rFire    . . .     SeeInvis +   B - +2 morningstar (flame)
rCold    . . .     Gourm    .   t - +2 buckler
rNeg     + . .     Faith    .   b - +0 scale mail
rPois    ∞         Spirit   .   z - +0 helmet
rElec    +         Reflect  .   j - +1 cloak
rCorr    .         Harm     .   (no gloves)
MR       .....                  (no boots)
Stlth    ..........             (no amulet)
HPRegen  0.19/turn              r - ring of flight
MPRegen  0.13/turn              m - ring of see invisible

@: corroded
A: negative energy resistance 1, electricity resistance, unbreathing,
petrification resistance, rot immunity, AC +6
a: Renounce Religion, Evoke Flight


You were on level 7 of the Dungeon.
You worshipped Makhleb.
Makhleb was aware of your devotion.
You were not hungry.

You visited 2 branches of the dungeon, and saw 8 of its levels.

You collected 375 gold pieces.
You spent 198 gold pieces at shops.

Inventory:

Hand Weapons
 a - a +0 flail
 g - a +1 short sword of electrocution
 v - a +1 dagger of venom
 x - a +0 whip of freezing
 B - a +2 morningstar of flaming (weapon)
 H - a +0 flail of protection
 I - a cursed -1 flail
Missiles
 e - 8 javelins of returning (quivered)
Armour
 b - a +0 scale mail (worn)
 c - a +0 shield
 j - a +1 cloak (worn)
 t - a +2 buckler (worn)
 u - a +0 helmet
 y - a +1 leather armour of magic resistance
 z - a +0 helmet (worn)
Jewellery
 m - a ring of see invisible (right hand)
 r - a ring of flight (left hand)
Wands
 o - a wand of acid (10)
 s - a wand of flame (48)
 A - a wand of enslavement (16)
Scrolls
 h - 3 scrolls of teleportation
 l - 5 scrolls of identify
 n - a scroll of amnesia
 q - 2 scrolls of magic mapping
Potions
 d - a potion of might
 i - a potion of curing
Books
 p - a book of Misfortune

   Spells                             Type                      Level
   a - Confusing Touch                Hexes                        1
   b - Confuse                        Hexes                        3
   c - Gell's Gravitas                Translocation                3
   d - Petrify                        Transmutation/Earth          4
   e - Metabolic Englaciation         Hexes/Ice                    5
   f - Yara's Violent Unravelling     Hexes/Transmutation          5
Comestibles
 f - 5 rations
 k - a chunk of flesh


   Skills:
 + Level 7.0 Fighting
 * Level 8.0 Maces & Flails
 + Level 6.9 Armour
 - Level 4.1 Shields
 + Level 2.4 Invocations
 - Level 4.0 Evocations


You had 8 spell levels left.
You didn't know any spells.

Dungeon Overview and Level Annotations

Branches:
Dungeon (7/15)             Temple (1/1) D:4

Altars:
Ashenzari
Cheibriados
Dithmenos
Elyvilon
Gozag
Hepliaklqana
Kikubaaqudgha
Makhleb
Nemelex Xobeh
Qazlal
Ru
Trog
Uskayaw
Vehumet
Wu Jian
Xom
Yredelemnul
Zin
The Shining One

Shops:
D:4 (


Innate Abilities, Weirdness & Mutations

You are resistant to torment.
Your stone body is resilient. (AC +6)
You are immune to poison.
You resist negative energy. (rN+)
You are resistant to electric shocks. (rElec)
You can survive without breathing.
You are immune to petrification.
You are immune to rotting.


Message History

A scorpion, an orc wizard and a wraith come into view.
The orc wizard casts a spell.
The orc wizard seems to speed up.
The orc wizard gestures at you while chanting.
The magic dart hits you!
You see here 4 arrows.
The orc wizard zaps a wand.
The bolt of acid misses you.
It is a wand of acid (9).
The orc wizard hits you with a dagger.
You closely miss the orc wizard.
The orc wizard miscasts a cantrip.
The orc wizard zaps a wand.
The bolt of acid hits you! The acid corrodes you!
You are splashed with acid!
The acid burns!
* * * LOW HITPOINT WARNING * * *
You are too injured to fight recklessly!
You are too injured to fight recklessly!
You hit the orc wizard but do no damage.
The orc wizard zaps a wand.
The bolt of acid hits you!
* * * LOW HITPOINT WARNING * * *
You are splashed with acid!
The acid burns!
You die...

#...##..#........#
#.#..##..#........#
#..#..###.#........#
#.. #..#
#.#........# #..#
...# #..........#
..#
.#.###..........#
.....##.#####
#####....#
#..#@#######
##.†o......#
#..(......#
#.(.......#
##(.#######
#(.###### #.........
......W)..######
W.......>....


You could see a wraith and an orc wizard.

Vanquished Creatures
  The ghost of Schimscham the Skirmisher, an amateur GnWn of Okawaru (D:4)
  A meliai (D:7)
  5 yaks (D:4)
  The ghost of Knicklaso the Vandal, an amateur HaHu (D:3)
  An orc warrior (D:6)
  A phantom (D:5)
  A centaur (D:7)
  3 howler monkeys
  A crimson imp (D:6)
  A bullfrog zombie (D:6)
  A hound (D:7)
  A quasit (D:6)
  3 orc priests
  8 orc wizards
  4 iguanas
  4 worker ants
  2 howler monkey skeletons (D:5)
  8 adders
  A shadow imp (D:5)
  An ooze (D:3)
  A worm (D:3)
  A dart slug (D:2)
  4 leopard geckos
  17 orcs
  5 bats
  4 giant cockroaches
  5 goblins
  8 hobgoblins
  12 jackals
  10 kobolds
  6 quokkas
  3 frilled lizards
  A jackal skeleton (D:4)
  A quokka skeleton (D:7)
  3 rats
130 creatures vanquished.

Notes
Turn   | Place    | Note
-------+----------+-------------------------------------------
     0 | D:1      | krisselack the Gargoyle Fighter began the quest for the Orb.
     0 | D:1      | Reached XP level 1. HP: 14/14 MP: 1/1
   141 | D:1      | Reached XP level 2. HP: 19/19 MP: 2/2
   613 | D:2      | Reached XP level 3. HP: 24/24 MP: 3/3
   968 | D:2      | Reached XP level 4. HP: 29/29 MP: 4/4
  1118 | D:2      | Found a faded altar of an unknown god.
  1363 | D:3      | Reached skill level 3 in Maces & Flails
  1478 | D:3      | Noticed Knicklaso's ghost (amateur HaHu)
  1497 | D:3      | Killed Knicklaso's ghost
  1497 | D:3      | Reached skill level 1 in Evocations
  1497 | D:3      | Reached XP level 5. HP: 24/33 MP: 5/5
  1617 | D:3      | Found a snail-covered altar of Cheibriados.
  1932 | D:3      | Reached XP level 6. HP: 25/38 MP: 6/6
  1959 | D:3      | Reached skill level 4 in Maces & Flails
  2305 | D:4      | Noticed Schimscham's ghost (amateur GnWn)
  2470 | D:4      | Killed Schimscham's ghost
  2470 | D:4      | Reached XP level 7. HP: 21/44 MP: 8/8
  2701 | D:4      | Found Caddov's Weapon Boutique.
  2721 | D:4      | Reached skill level 5 in Maces & Flails
  2732 | D:4      | Reached skill level 5 in Fighting
  2743 | D:4      | Reached skill level 5 in Armour
  2822 | D:4      | Found a staircase to the Ecumenical Temple.
  2847 | Temple   | Entered the Ecumenical Temple
  2900 | Temple   | Became a worshipper of Makhleb the Destroyer
  3307 | D:4      | Noticed a yak
  3307 | D:4      | Noticed a yak
  3307 | D:4      | Noticed a yak
  3325 | D:4      | Killed a yak
  3325 | D:4      | Reached XP level 8. HP: 50/50 MP: 8/10
  3332 | D:4      | Killed a yak
  3395 | D:4      | Noticed a yak
  3396 | D:4      | Noticed a yak
  3413 | D:4      | Killed a yak
  3413 | D:4      | Reached skill level 6 in Maces & Flails
  3418 | D:4      | Killed a yak
  3425 | D:4      | Killed a yak
  3601 | D:5      | Entered Level 5 of the Dungeon
  3681 | D:5      | Found an ornate altar of the Wu Jian Council.
  3802 | D:4      | Bought a +1 morningstar of flaming for 198 gold pieces
  3842 | D:5      | Found a basalt altar of Yredelemnul.
  3954 | D:5      | Reached skill level 7 in Maces & Flails
  4010 | D:5      | Found a stormy altar of Qazlal.
  4012 | D:5      | Found a shimmering altar of Xom.
  4012 | D:5      | Found a sacrificial altar of Ru.
  4013 | D:5      | Found a bloodstained altar of Trog.
  4459 | D:6      | Reached XP level 9. HP: 56/56 MP: 10/12
  4616 | D:6      | Reached * piety under Makhleb
  4635 | D:6      | Reached skill level 1 in Invocations
  5173 | D:7      | Found a shadowy altar of Dithmenos.
  5244 | D:7      | Found an opulent altar of Gozag.
  5342 | D:7      | Noticed a meliai
  5345 | D:7      | Killed a meliai
  5345 | D:7      | Reached skill level 8 in Maces & Flails
  5354 | D:7      | Splashed by an orc wizard's acid

Skill      XL: |  1  2  3  4  5  6  7  8  9 |
---------------+----------------------------+-----
Maces & Flails | 3 4 5 7 8 |  8.0
Fighting       | 4 5 6 7 |  7.0
Armour         | 4 5 6 |  6.9
Shields        | 4 |  4.1
Evocations     | 1 2 4 |  4.0
Invocations    | 2 |  2.4

Action                   |  1- 3 |  4- 6 |  7- 9 || total
-------------------------+-------+-------+-------++-------
Melee: Flail             |    40 |       |       ||    40
       Short sword       |    76 |   148 |   158 ||   382
       Morningstar       |       |       |   143 ||   143
Throw: Javelin           |       |       |     5 ||     5
Evoke: Wand              |       |       |     4 ||     4
  Use: Scroll            |       |       |     8 ||     8
       Potion            |       |       |     7 ||     7
  Eat: Chunk             |       |     5 |    10 ||    15
Armor: Scale mail        |    67 |    73 |   135 ||   275
Dodge: Dodged            |    34 |    38 |   100 ||   172
Block: Shield            |    76 |    37 |       ||   113
       Buckler           |       |    16 |    81 ||    97
